 Dungeon Crawl Stone Soup version 0.20.0-15-g7f486f2 (webtiles) character file.

403 greprep the Grave Robber (level 6, -2/34 HPs)
             Began as a Deep Elf Necromancer on June 20, 2017.
             Slain by a gnoll
             ... wielding a +0 flail
              (12 damage)
             ... on level 4 of the Dungeon.
             The game lasted 00:15:29 (7555 turns).

greprep the Grave Robber (Deep Elf Necromancer)     Turns: 7555, Time: 00:15:30

Health: -2/34      AC:  2    Str:  5    XL:     6   Next: 55%
Magic:  16/16      EV: 13    Int: 22    God:
Gold:   210        SH:  4    Dex: 15    Spells: 12/16 levels left

rFire    + . .     SeeInvis .   n - +3 dagger
rCold    + . .     Gourm    .   r - +1 buckler
rNeg     . . .     Faith    .   a - +0 robe
rPois    .         Spirit   .   (helmet restricted)
rElec    .         Reflect  .   (no cloak)
rCorr    .         Harm     .   (no gloves)
MR       +....                  (no boots)
Stlth    ++........             (no amulet)
Regen    0.2/turn               (no ring)
MPRegen  0.2/turn               (no ring)

@: very slightly contaminated, drained
A: antennae 1, cold resistance 1, fire resistance 1, magic resistance 1
a: no special abilities


You were on level 4 of the Dungeon.
You were not hungry.

You visited 1 branch of the dungeon, and saw 4 of its levels.

You collected 210 gold pieces.

Inventory:

Hand Weapons
 k - a +0 hunting sling
 n - a +3 dagger (weapon)
Missiles
 i - 66 stones (quivered)
 s - 11 sling bullets
Armour
 a - a +0 robe (worn)
 r - a +1 buckler (worn)
Wands
 v - a wand of flame (22/48)
Scrolls
 d - a scroll of immolation {unknown}
 f - 4 scrolls of identify
 p - a scroll of enchant weapon {unknown}
 x - a scroll of magic mapping {unknown}
 z - a scroll of recharging {unknown}
Potions
 m - a potion of ambrosia
 q - a potion of flight
Books
 b - a book of Necromancy

   Spells                             Type                      Level
   a - Pain                           Necromancy                   1
   b - Animate Skeleton               Necromancy                   1
   c - Vampiric Draining              Necromancy                   3
   d - Regeneration                   Charms/Necromancy            3
   e - Animate Dead                   Necromancy                   4
   f - Control Undead                 Necromancy                   4
Comestibles
 l - a royal jelly
 w - a meat ration


   Skills:
 + Level 1.0(0.7) Fighting
 + Level 2.4(2.1) Short Blades
 - Level 0.1(0.0) Slings
 + Level 3.7(3.3) Dodging
 + Level 2.7(2.4) Stealth
 + Level 5.8(5.4) Spellcasting
 + Level 6.6(6.2) Necromancy


You had 12 spell levels left.
You knew the following spells:

 Your Spells              Type           Power        Failure   Level  Hunger
a - Pain                  Necr           ####         1%          1    None
b - Vampiric Draining     Necr           ####......   3%          3    ##.....


Dungeon Overview and Level Annotations

Branches:
Dungeon (4/15)
 Temple: D:4-7

Altars:
Cheibriados
Fedhas
Makhleb
Qazlal
Ru
Vehumet


Innate Abilities, Weirdness & Mutations

You have a pair of small antennae on your head.
Your flesh is cold resistant. (rC+)
Your flesh is heat resistant. (rF+)
You are resistant to hostile enchantments. (MR+)


Message History

The giant cockroach waves its antennae.
The giant cockroach bites you. The giant cockroach closely misses you.
You block the giant cockroach's attack.
A gnoll comes into view. It is wielding a flail.
The gnoll moves out of view.
The giant cockroach misses you.
The giant cockroach waves its antennae.
The centaur skeleton hits you!
The gnoll shouts!
You block the centaur skeleton's attack.
The giant cockroach closely misses you. The gnoll hits you with a flail!
The centaur skeleton hits you.
The giant cockroach waves its antennae.
The giant cockroach bites you.
* * * LOW HITPOINT WARNING * * *
There is a stone staircase leading down here.
Unknown command.
You can't go up here!
The gnoll hits you with a flail!
You die...

# # # # ######### # #.......# #
#.......# # #.......#
##############.g.....#
..............Zs@....############
...............Z.....'...........
##############.......############
.............'.......#
##############.......# #########


You could see a gnoll, a giant cockroach and 2 centaur skeletons.

Vanquished Creatures
  A hound (D:2)
  2 gnoll shamans (D:4)
  3 worker ants
  10 gnolls
  6 adders
  An ooze (D:2)
  A worm (D:3)
  2 dart slugs
  2 leopard geckos (D:1)
  3 orcs (D:4)
  3 ball pythons
  A giant cockroach (D:1)
  10 hobgoblins
  15 jackals
  A quokka (D:4)
  5 bats
  5 frilled lizards
  4 goblins
  5 kobolds
  4 rats
84 creatures vanquished.

Notes
Turn   | Place    | Note
-------+----------+-------------------------------------------
     0 | D:1      | greprep the Deep Elf Necromancer began the quest for the Orb.
     0 | D:1      | Reached XP level 1. HP: 10/10 MP: 6/6
   242 | D:1      | Reached skill level 5 in Necromancy
   998 | D:1      | Reached XP level 2. HP: 14/15 MP: 8/8
  2058 | D:2      | Reached skill level 1 in Short Blades
  2058 | D:2      | Reached XP level 3. HP: 15/19 MP: 7/10
  2144 | D:2      | Learned a level 3 spell: Vampiric Draining
  2655 | D:2      | Reached XP level 4. HP: 18/24 MP: 7/11
  2778 | D:2      | Found a burning altar of Makhleb.
  3177 | D:3      | Found a radiant altar of Vehumet.
  3924 | D:3      | Found a sacrificial altar of Ru.
  4081 | D:4      | Found a blossoming altar of Fedhas.
  4086 | D:4      | Found a stormy altar of Qazlal.
  4124 | D:4      | Found a snail-covered altar of Cheibriados.
  4577 | D:3      | Reached XP level 5. HP: 25/28 MP: 3/13
  5649 | D:4      | Reached skill level 1 in Fighting
  5649 | D:4      | Reached skill level 5 in Spellcasting
  5669 | D:4      | Gained mutation: Your flesh is heat resistant. (rF+) [potion of mutation]
  5669 | D:4      | Gained mutation: You are resistant to hostile enchantments. (MR+) [potion of mutation]
  5669 | D:4      | Gained mutation: Your flesh is cold resistant. (rC+) [potion of mutation]
  5669 | D:4      | Gained mutation: You have a pair of small antennae on your head. [potion of mutation]
  6044 | D:4      | Reached skill level 6 in Necromancy
  6044 | D:4      | Reached XP level 6. HP: 16/34 MP: 4/15
  7555 | D:4      | Slain by a gnoll

Skill      XL: |  1  2  3  4  5 |
---------------+----------------+-----
Necromancy     | 5 6 |  6.6
Short Blades   | 1 2 |  2.4
Dodging        | 3 |  3.7
Spellcasting   | 4 5 |  5.8
Fighting       | 1 |  1.0
Slings         | |  0.1
Stealth        | |  2.7

Action                   |  1- 3 |  4- 6 || total
-------------------------+-------+-------++-------
Melee: Dagger            |    64 |   142 ||   206
 Fire: Hunting sling     |    15 |       ||    15
 Cast: Pain              |    21 |    42 ||    63
       Vampiric Draining |     4 |    38 ||    42
  Use: Scroll            |       |    10 ||    10
       Potion            |       |     7 ||     7
 Stab: Sleeping          |     2 |     3 ||     5
  Eat: Chunk             |     5 |     5 ||    10
       Bread ration      |       |     3 ||     3
Armor: Robe              |    11 |    16 ||    27
       Skin              |       |    36 ||    36
Dodge: Dodged            |    39 |   119 ||   158
Block: Buckler           |     2 |    25 ||    27
